 Dungeon Crawl Stone Soup version 0.31-a0-986-g5e6e4ef867 (webtiles) character file.

Game seed: 8647266866597200251

774 timneilson the Ruffian (level 7, -5/46 HPs)
             Began as an Octopode Shapeshifter on Nov 3, 2023.
             Slain by Duvessa
             ... wielding a +0 short sword
              (7 damage)
             ... on level 4 of the Dungeon.
             The game lasted 00:05:44 (3166 turns).

timneilson the Ruffian (Octopode Shapeshifter)      Turns: 3166, Time: 00:05:46

Health: -5/46      AC:  1    Str: 15    XL:     7   Next: 84%
Magic:  10/10      EV: 14    Int: 13    God:
Gold:   191        SH:  0    Dex: 11    Spells: 9/10 levels left

rFire   . .          .
                       - Unarmed
rCold   . . .        (no shield)
rNeg    + . .        (helmet currently unavailable)
rPois   .            (no amulet)
rElec   .            h - ring of positive energy
rCorr   .            (no ring)
SInv    .            (no ring)
Will    .....        (no ring)
Stlth   +++          (no ring)
HPRegen 0.27/turn    (no ring)
MPRegen 0.12/turn    (no ring)
                     (no ring)

%: no passive effects
@: beast-form
A: beast (slay +2), almost no armour, amphibious, 8 rings, camouflage 1,
gelatinous body 1, (nimble swimmer 1), tentacles
a: Begin Untransformation


You were on level 4 of the Dungeon.
You were a hulking beast.
You visited 1 branch of the dungeon, and saw 4 of its levels.

You collected 191 gold pieces.

Inventory:

Jewellery
 h - a ring of positive energy (left tentacle)
Talismans
 b - a beast talisman
 c - a flux talisman
Wands
 i - a wand of polymorph (7)
Scrolls
 d - 2 scrolls of identify
Potions
 e - 3 potions of ambrosia
 f - a potion of brilliance


   Skills:
 * Level 3.5 Fighting
 * Level 4.0 Dodging
 + Level 3.2 Stealth
 * Level 4.6 Unarmed Combat
 + Level 2.0 Spellcasting
 + Level 1.6 Hexes
 + Level 1.7 Evocations
 * Level 4.2 Shapeshifting


You had 9 spell levels left.
You knew the following spells:

 Your Spells              Type           Power      Damage    Failure   Level
a - Slow                  Hex            20%        N/A       13%         1

Your spell library contained the following spells:

 Spells                   Type           Power      Damage    Failure   Level
 Confusing Touch          Hex            5%         N/A       36%         3
 Sigil of Binding         Hex            5%         N/A       36%         3
 Vampiric Draining        Necr           1%         2d6       58%         3
 Summon Ice Beast         Ice/Summ       1%         N/A       94%         4
 Summon Mana Viper        Hex/Summ       3%         N/A       99%         5
 Monstrous Menagerie      Summ           0%         N/A       100%        7


Dungeon Overview and Level Annotations

Branches:
Dungeon (4/15)
 Temple: D:4-7

Altars:
Uskayaw

Annotations:
D:4 Dowan, Duvessa


Innate Abilities, Weirdness & Mutations

You are a hulking beast.
Your limbs bulge with bestial killing power. (Slay +2)
You cannot wear most types of armour.
You are amphibious.
You can wear up to eight rings at the same time.
Your skin changes colour to match your surroundings (Stealth+).
Your rubbery body absorbs attacks. (AC +1, EV +1)
((You are camouflaged when in or above water. (Stealth+)))
You have tentacles for arms and can constrict up to eight enemies at once.


Message History

Your squeeze misses the orc priest.
The orc priest is moderately wounded.
The orc priest closely misses you.
Dowan mumbles some strange words.
Dowan blinks!
You completely miss the orc priest. Your grab misses the orc priest.
Your tentacle-slap misses the orc priest.
The orc priest is moderately wounded.
The orc priest invokes the aid of Beogh against you.
Pain shoots through your body!
You barely miss the orc priest. You grab the orc priest.
The orc priest is moderately wounded.
You constrict the orc priest.
The orc priest mumbles some strange prayers to Beogh against you.
You are unaffected.
You tentacle-slap the orc priest.
The orc priest is heavily wounded.
You constrict the orc priest. The orc priest completely misses you.
You tentacle-slap the orc priest. You squeeze the orc priest.
You kill the orc priest!
Your Dodging skill increases to level 4!
Duvessa hits you with a +0 short sword!
You tentacle-slap Duvessa but do no damage.
Your grab misses Duvessa. You squeeze Duvessa!
Duvessa is moderately wounded.
Duvessa hits you with a +0 short sword.
You barely miss Duvessa. Your grab misses Duvessa.
Duvessa is moderately wounded.
Duvessa hits you with a +0 short sword! x2
* * * LOW HITPOINT WARNING * * *
It was a potion of curing.
You feel better. Duvessa hits you with a +0 short sword!
* * * LOW HITPOINT WARNING * * *
You bludgeon Duvessa! You grab Duvessa. You squeeze Duvessa.
Duvessa is severely wounded.
You constrict Duvessa, but do no damage.
Duvessa hits you with a +0 short sword.
* * * LOW HITPOINT WARNING * * *
Duvessa hits you with a +0 short sword!
You die...

##..#.......#.#
#[...#####.#
....#.#...#.#.#
####...#...
###.#.#._.#.#.#
###†#.#
#.#.#...#.#.#
#...##
#.#.......#.##
##...#
#.#.#####.#..###
#.#.#
#..............#
#.#...
#########.).##.#
#.# .⌠..
#####...##h# #.#
.8.# ..........#e#
#.# ...#
######....#g######
#.# #
#......e...e.e..e#
#.........#####
#.......#.#
<.......##.#
###......# .#
##.###.# #


You could see Duvessa (fast), Dowan and a goblin.

Vanquished Creatures
  Pikel (D:4)
  4 lemures (D:4)
  Blork the orc (D:4)
  2 jellies (D:4)
  An orc priest (D:4)
  Jessica (D:2)
  4 adders
  5 worms
  A dart slug (D:3)
  5 orcs (D:4)
  7 bats
  6 endoplasms
  A giant cockroach (D:2)
  6 goblins
  5 hobgoblins
  2 jackals (D:1)
  4 kobolds
  4 quokkas
  7 ball pythons
  2 frilled lizards (D:2)
  2 rats
71 creatures vanquished.

Notes
Turn   | Place    | Note
-------+----------+-------------------------------------------
     0 | D:1      | timneilson the Octopode Shapeshifter began the quest for
                  | the Orb.
     0 | D:1      | Reached XP level 1. HP: 13/13 MP: 1/1
   214 | D:1      | Reached XP level 2. HP: 16/18 MP: 2/2
   831 | D:2      | Reached XP level 3. HP: 17/23 MP: 3/3
   956 | D:2      | Reached skill level 1 in Stealth
  1273 | D:2      | HP: 1/24 [poisoned by an adder]
  1483 | D:2      | Noticed Jessica
  1485 | D:2      | Killed Jessica
  1486 | D:2      | Reached XP level 4. HP: 29/29 MP: 5/5
  2284 | D:3      | Reached skill level 1 in Spellcasting
  2392 | D:4      | Reached XP level 5. HP: 34/34 MP: 6/6
  2519 | D:4      | Noticed Duvessa
  2540 | D:4      | Found a hide-covered altar of Uskayaw.
  2643 | D:4      | Learned a level 1 spell: Slow
  2842 | D:4      | Noticed a lemure
  2843 | D:4      | Noticed Blork the orc
  2850 | D:4      | Noticed a lemure
  2850 | D:4      | Noticed Pikel
  2853 | D:4      | Noticed a lemure
  2861 | D:4      | Noticed a lemure
  2866 | D:4      | Killed Blork the orc
  2867 | D:4      | Reached XP level 6. HP: 31/41 MP: 6/8
  2905 | D:4      | Killed Pikel
  2906 | D:4      | Reached skill level 1 in Hexes
  2906 | D:4      | Reached skill level 1 in Evocations
  2906 | D:4      | Reached XP level 7. HP: 9/46 MP: 8/10
  3148 | D:4      | Noticed Dowan
  3166 | D:4      | HP: 2/46 [Duvessa/+0 short sword (4)]
  3166 | D:4      | Slain by Duvessa

Illustrated notes

Levels and vault maps discovered:
D:1:      sevenhm_arrival_forest_fort_large_2, layout_rooms, nrook_uturn
D:2:      layout_loops_corners, uniq_jessica
D:3:      layout_basic, hangedman_abyss_or_decor_stabs
D:4:      layout_loops_ring, mainiacjoe_overflow_cross_hatched,
          hangedman_feature_mirror, grunt_decor_mini_mirrors,
          chequers_serial_rivers_micro_a, minmay_bisected, uniq_duvessa,
          uniq_blork_the_orc, uniq_pikel

Skill      XL: |  1  2  3  4  5  6  7 |
---------------+----------------------+-----
Stealth        | 1 2 3 |  3.2
Fighting       | 2 3 |  3.5
Spellcasting   | 1 2 |  2.0
Dodging        | 3 4 |  4.0
Unarmed Combat | 4 |  4.6
Hexes          | 1 |  1.6
Evocations     | 1 |  1.7
Shapeshifting  | 4 |  4.2

Action                     |  1- 3 |  4- 6 |  7- 9 || total
---------------------------+-------+-------+-------++-------
  Melee: Unarmed           |    67 |    97 |    11 ||   175
         Tentacles         |    13 |    13 |     5 ||    31
         Constrict         |    18 |    14 |     3 ||    35
         Punch             |     1 |     3 |       ||     4
    Use: Scroll            |     1 |     5 |       ||     6
         Potion            |       |     2 |     1 ||     3
   Stab: Sleeping          |     9 |    11 |       ||    20
 Armour: Skin              |    24 |    45 |     7 ||    76
  Dodge: Dodged            |    44 |    21 |     5 ||    70

Table legend: (Time is in decaauts)
 A = Elapsed time spent in this place.
 B = Non-inter-level travel time spent in this place.
 C = Inter-level travel time spent in this place.
 D = Time resting spent in this place.
 E = Time spent auto-exploring this place.
 F = Levels seen in this place.
 G = Mean time per level.
                   A        B        C        D        E       F      G
               +--------+--------+--------+--------+--------+-----+--------+
         Total |   3134 |   3032 |    102 |    286 |   2057 |   4 |  783.5 |
       Dungeon |   3134 |   3032 |    102 |    286 |   2057 |   4 |  783.5 |
               +--------+--------+--------+--------+--------+-----+--------+

Top non-repeatable levels by time:
     D:2: 1057 daAuts
     D:4: 777 daAuts
     D:1: 697 daAuts
     D:3: 602 daAuts
